 Dungeon Crawl Stone Soup version 0.30-a0-576-g89cddaab80 (webtiles) character file.

Game seed: 17641252052403800062

1031 spardeous the Nimble (level 8, -9/38 HPs)
             Began as a Felid Earth Elementalist on Dec 31, 2022.
             Mangled by an orc warrior
             ... wielding a +0 war axe
              (13 damage)
             ... on level 8 of the Dungeon.
             The game lasted 00:18:01 (8016 turns).

spardeous the Nimble (Felid Earth Elementalist)     Turns: 8016, Time: 00:18:01

Health: -9/38      AC:  2    Str:  4    XL:     8   Next: 3%
Magic:  9/12       EV: 22    Int: 26    God:
Gold:   458        SH:  0    Dex: 17    Spells: 3/11 levels left
                                        Lives:  0   Deaths: 2

rFire   . . .      SeeInvis +      - Unarmed
rCold   . . .      Faith    .    (shield unavailable)
rNeg    . . .      Spirit   .    (body armour unavailable)
rPois   .          Reflect  .    (helmet unavailable)
rElec   .          Harm     .    (cloak unavailable)
rCorr   .          Rampage  .    (gloves unavailable)
Will    +....                    (boots unavailable)
Stlth   ++                       f - amulet of magic regeneration
HPRegen 0.26/turn                h - +6 ring of intelligence
MPRegen 0.53/turn                s - ring of flight

@: flying, hasted, very quick
A: very small, claws 1, fangs 3, see invisible, speed 1, shaggy fur 2, stealthy
paws, no weapons or thrown items, no armour, multi-lived
a: no special abilities


You were on level 8 of the Dungeon.
You visited 2 branches of the dungeon, and saw 9 of its levels.
You visited the Abyss 1 time.

You collected 458 gold pieces.

Inventory:

Jewellery
 f - an amulet of magic regeneration (around neck)
 h - a +6 ring of intelligence (left paw)
 s - a ring of flight (right paw)
 v - an amulet of reflection
Wands
 d - a wand of charming (5)
 p - a wand of quicksilver (8)
Scrolls
 e - 3 scrolls of amnesia {unknown}
 g - 5 scrolls of vulnerability {unknown}
 i - 2 scrolls of magic mapping {unknown}
 j - 2 scrolls of blinking {unknown}
 l - 4 scrolls of teleportation {unknown}
 q - 3 scrolls of enchant armour
 u - a scroll of poison {unknown}
 x - a scroll of fear {unknown}
 y - a scroll of brand weapon {unknown}
 A - a scroll of identify
 C - a scroll of fog {unknown}
Potions
 a - 2 potions of magic
 b - 4 potions of degeneration {unknown}
 c - 2 potions of berserk rage
 k - a potion of brilliance {unknown}
 m - a potion of heal wounds
 o - 5 potions of curing
 r - a potion of attraction
 t - a potion of lignification
 w - a potion of might {unknown}
 z - a potion of mutation {unknown}
 B - a potion of flight {unknown}


   Skills:
 - Level 5.9 Fighting
 - Level 8.4 Dodging
 - Level 2.6 Stealth
 - Level 5.6 Unarmed Combat
 - Level 2.0 Spellcasting
 - Level 3.1 Conjurations
 - Level 6.2 Transmutations
 + Level 5.9 Earth Magic


You had 3 spell levels left.
You knew the following spells:

 Your Spells              Type           Power      Damage    Failure   Level
a - Sandblast             Erth           66%        2d15      1%          1
b - Stone Arrow           Conj/Erth      52%        3d10      4%          3
c - Petrify               Tmut/Erth      34%        N/A       9%          4

Your spell library contained the following spells:

 Spells                   Type           Power      Damage    Failure   Level
 Passwall                 Tmut/Erth      28%        N/A       1%          2
 Foxfire                  Conj/Fire      40%        2x1d6     5%          1
 Momentum Strike          Conj/Tloc      20%        3d8       9%          2
 Blink                    Tloc           4%         N/A       16%         2
 Lesser Beckoning         Tloc           4%         N/A       30%         3
 Anguish                  Hex/Necr       1%         N/A       71%         4
 Fireball                 Conj/Fire      5%         3d5       83%         5
 Starburst                Conj/Fire      5%         6d4       100%        6
 Enfeeble                 Hex            1%         N/A       100%        7


Dungeon Overview and Level Annotations

Branches:
Dungeon (8/15)             Temple (1/1) D:5
   Lair: D:8-11

Altars:
Ashenzari
Cheibriados
Dithmenos
Elyvilon
Fedhas
Gozag
Hepliaklqana
Kikubaaqudgha
Makhleb
Nemelex Xobeh
Okawaru
Qazlal
Sif Muna
Trog
Uskayaw
Vehumet
Wu Jian
Xom
Yredelemnul
Zin
The Shining One

Portals:
Abyss: D:5

Annotations:
D:5 MrSquiggles's ghost, novice MiFi
D:8 Erica


Innate Abilities, Weirdness & Mutations

You have sharp claws.
You have razor-sharp teeth.
You have supernaturally acute eyesight. (SInv)
You cover ground quickly. (Speed+)
You are covered in thick fur. (AC +2)
Your paws help you pounce on unaware monsters.
You are incapable of wielding weapons or throwing items.
You cannot wear armour.
You gain extra lives every three experience levels.


Message History

Casting: Sandblast (safe; 1% risk of failure)
Confirm with . or Enter, or press ? or * to list all spells.
Aiming: Sandblast (safe; 1% risk of failure)
Press: ? - help, Shift-Dir - straight line, f/p - gnoll
Aim: a gnoll, wielding a +0 club (heavily wounded, 86% to hit)
The blast of sand hits the gnoll!!
You kill the gnoll!
Casting: Sandblast (safe; 1% risk of failure)
Confirm with . or Enter, or press ? or * to list all spells.
Aiming: Sandblast (safe; 1% risk of failure)
Press: ? - help, Shift-Dir - straight line, f - orc warrior
Aim: an orc warrior, wielding a +0 war axe and wearing a +0 chain mail (82% to hit)
The blast of sand hits the orc warrior!
The orc warrior is heavily wounded.
Erica mumbles some strange words.
Erica flickers and vanishes for a moment.
Casting: Sandblast (safe; 1% risk of failure)
Confirm with . or Enter, or press ? or * to list all spells.
Aiming: Sandblast (safe; 1% risk of failure)
Press: ? - help, Shift-Dir - straight line, f/p - orc warrior
Aim: an orc warrior, wielding a +0 war axe and wearing a +0 chain mail (heavily wounded, 82% to hit)
The blast of sand hits the orc warrior.
The orc warrior is heavily wounded.
The orc warrior closely misses you.
Casting: Sandblast (safe; 1% risk of failure)
Confirm with . or Enter, or press ? or * to list all spells.
Aiming: Sandblast (safe; 1% risk of failure)
Press: ? - help, Shift-Dir - straight line, f/p - orc warrior
Aim: an orc warrior, wielding a +0 war axe and wearing a +0 chain mail (heavily wounded, 82% to hit)
The blast of sand hits the orc warrior!
The orc warrior is almost dead.
The orc warrior hits you with a +0 war axe!
* * * LOW HITPOINT WARNING * * *
The orc wizard points at you and mumbles some strange words.
You resist with almost no effort. The gnoll completely misses you.
The gnoll bouda barks out a call to the hunt!
The gnoll picks up the pace!
The orc wizard closely misses you.
The orc warrior hits you with a +0 war axe!
You die...

#..........(.oF...
#.............####
#.............#
#.............#
#.............#
#.......).....#
#.............#
#.og).........#
#@o@.†.)).....#
#.g...........#
#.............#
###############


You could see Erica (invisible), an orc warrior, a gnoll bouda, an orc wizard
(invisible) and a gnoll (swift).

Vanquished Creatures
  A troll (D:8)
  Eustachio (D:5)
  A steam dragon (D:8)
  Menkaure (D:5)
  A warg (D:8)
  2 sky beasts
  2 black bears
  2 orc warriors
  An ice beast (D:6)
  3 ogres
  A centaur (D:7)
  A kobold brigand (D:7)
  2 bullfrogs (D:8)
  Blork the orc (D:5)
  2 necrophages
  3 scorpions
  A gnoll sergeant (D:8)
  4 wights (D:6)
  A killer bee (D:8)
  A howler monkey (D:8)
  An orc priest (D:8)
  A gnoll bouda (D:8)
  4 hounds
  3 jellies
  An iguana (D:4)
  8 orc wizards
  3 gnolls (D:8)
  3 adders
  3 white imps
  A dart slug (D:5)
  16 orcs
  7 ball pythons
  3 bats (D:1)
  6 endoplasms
  6 giant cockroaches
  11 goblins
  4 hobgoblins
  3 quokkas
  5 frilled lizards
  12 kobolds
  4 rats
137 creatures vanquished.

Vanquished Creatures (others)
  A plant (D:8)
  3 starspawn tentacles (Abyss:2)
4 creatures vanquished.

Grand Total: 141 creatures vanquished

Notes
Turn   | Place    | Note
-------+----------+-------------------------------------------
     0 | D:1      | spardeous the Felid Earth Elementalist began the quest for
                  | the Orb.
     0 | D:1      | Reached XP level 1. HP: 7/7 MP: 4/4
   436 | D:1      | Reached XP level 2. HP: 11/11 MP: 3/6
   757 | D:1      | Found a faded altar of an unknown god.
  1144 | D:2      | Reached XP level 3. HP: 14/14 MP: 5/7
  1255 | D:2      | Learned a level 3 spell: Stone Arrow
  1934 | D:3      | Reached XP level 4. HP: 14/18 MP: 6/8
  2101 | D:4      | Noticed a scorpion
  2117 | D:4      | Killed a scorpion
  2118 | D:4      | Reached skill level 1 in Conjurations
  2197 | D:4      | Reached XP level 5. HP: 21/21 MP: 7/9
  2579 | D:4      | Noticed a black bear
  2637 | D:4      | Learned a level 4 spell: Petrify
  2680 | D:4      | Killed a black bear
  2864 | D:4      | Noticed an ogre
  2900 | D:4      | Killed an ogre
  2901 | D:4      | Gained mutation: You are covered in thick fur. (AC +2)
                  | [Felid growth]
  2901 | D:4      | Reached XP level 6. HP: 24/24 MP: 8/10
  2992 | D:4      | Reached skill level 5 in Earth Magic
  3274 | D:5      | Entered Level 5 of the Dungeon
  3346 | D:5      | Found a transporter.
  3447 | D:5      | Reached skill level 4 in Dodging
  3513 | D:5      | Found a transporter.
  3525 | D:5      | Found a one-way gate to the infinite horrors of the Abyss.
  3525 | D:5      | Noticed MrSquiggles's ghost (novice MiFi)
  3540 | D:5      | Found a staircase to the Ecumenical Temple.
  3550 | D:5      | Noticed Menkaure
  3551 | D:5      | Noticed Blork the orc
  3573 | D:5      | Killed Blork the orc
  3574 | D:5      | Reached skill level 5 in Dodging
  3574 | D:5      | Reached XP level 7. HP: 21/27 MP: 4/11
  3607 | D:5      | Killed Menkaure
  3608 | D:5      | Reached skill level 6 in Dodging
  3674 | Temple   | Entered the Ecumenical Temple
  4249 | D:5      | Noticed Eustachio
  4268 | D:5      | Killed Eustachio
  4269 | D:5      | Reached skill level 7 in Dodging
  4476 | Abyss:1  | Found a corrupted altar of Lugonu.
  4476 | Abyss:1  | Cast into level 1 of the Abyss (kobold)
  4489 | Abyss:2  | Found a corrupted altar of Lugonu.
  4513 | Abyss:2  | Noticed a tentacled starspawn
  4519 | D:5      | Escaped the Abyss
  4618 | D:6      | Reached skill level 8 in Dodging
  4903 | D:6      | Reached skill level 1 in Fighting
  4903 | D:6      | Reached XP level 8. HP: 19/33 MP: 9/12
  5495 | D:6      | Reached skill level 5 in Fighting
  6235 | D:7      | Noticed an angel
  6236 | D:7      | Found a glowing silver altar of Zin.
  6342 | D:7      | Found a shimmering blue altar of Sif Muna.
  6469 | D:7      | Reached skill level 5 in Transmutations
  6801 | D:7      | Found an opulent altar of Gozag.
  6854 | D:7      | Reached XP level 9. HP: 41/41 MP: 11/13
  7384 | D:8      | Reached skill level 1 in Unarmed Combat
  7770 | D:8      | Noticed a troll
  7775 | D:8      | Noticed a troll
  7816 | D:8      | Killed a troll
  7817 | D:8      | Reached skill level 5 in Unarmed Combat
  7844 | D:8      | Slain by a troll
  7845 | D:8      | Reached XP level 8. HP: -1/38 MP: 12/12
  7916 | D:8      | Found a radiant altar of Vehumet.
  7924 | D:8      | Found an ornate altar of the Wu Jian Council.
  7935 | D:8      | Noticed Erica
  7973 | D:8      | Mangled by an orc warrior
  7974 | D:8      | Reached XP level 7. HP: -13/34 MP: 11/11
  8006 | D:8      | Reached XP level 8. HP: 11/38 MP: 10/12
  8016 | D:8      | Mangled by an orc warrior

Illustrated notes

Levels and vault maps discovered:
D:1:      heliophobic_arrival_ceremonial_halls, layout_basic,
          basic_ecumenical_altar
D:2:      minmay_inner_zag, layout_rooms
D:3:      layout_basic
D:4:      layout_layer_cave, minmay_ogre_servants
D:5:      layout_loops_ring, minmay_temple_entry_butterflies,
          gammafunk_ghost_abyssal_escape, uniq_eustachio, uniq_blork_the_orc,
          uniq_menkaure
D:6:      layout_layer_cave, minmay_a_box_with_orc_wizards_in_it
D:7:      layout_layer_cave, nicolae_gozag_cash_rules_everything_around_me,
          zin_angel, mainiacjoe_overflow_24_doors, minmay_misc_feat_columns
D:8:      minmay_quarter_circles, layout_basic, lemuel_coloured_pillars_altar,
          mainiacjoe_overflow_big_doors, erik_lair_orcish_takeover,
          uniq_prince_ribbit1, uniq_erica
Temple:   minmay_temple_bridge_d

Skill      XL: |  1  2  3  4  5  6  7  8  9 |
---------------+----------------------------+-----
Earth Magic    | 3 4 5 |  5.9
Transmutations | 2 3 5 6 |  6.2
Conjurations   | 1 3 |  3.1
Dodging        | 5 8 |  8.4
Fighting       | 1 5 |  5.9
Unarmed Combat | 5 |  5.6
Stealth        | |  2.6
Spellcasting   | |  2.0

Action                   |  1- 3 |  4- 6 |  7- 9 || total
-------------------------+-------+-------+-------++-------
 Cast: Sandblast         |    57 |    59 |   232 ||   348
       Petrify           |       |     4 |    14 ||    18
  Use: Scroll            |       |       |     7 ||     7
       Potion            |       |       |     4 ||     4
Armor: Skin              |     2 |       |     2 ||     4
Dodge: Dodged            |    19 |    20 |   139 ||   178

Table legend: (Time is in decaauts)
 A = Elapsed time spent in this place.
 B = Non-inter-level travel time spent in this place.
 C = Inter-level travel time spent in this place.
 D = Time resting spent in this place.
 E = Time spent auto-exploring this place.
 F = Levels seen in this place.
 G = Mean time per level.
                   A        B        C        D        E       F      G
               +--------+--------+--------+--------+--------+-----+--------+
         Total |   6875 |   6484 |    391 |     47 |   4992 |  11 |  625.0 |
       Dungeon |   6535 |   6264 |    271 |     47 |   4827 |   8 |  816.9 |
        Temple |    305 |    185 |    120 |      0 |    164 |   1 |  305.0 |
         Abyss |     34 |     34 |      0 |      0 |      0 |   2 |   17.0 |
               +--------+--------+--------+--------+--------+-----+--------+

Top non-repeatable levels by time:
     D:6: 1420 daAuts
     D:4: 999 daAuts
     D:7: 980 daAuts
     D:1: 863 daAuts
     D:5: 745 daAuts
     D:8: 627 daAuts
     D:2: 497 daAuts
     D:3: 402 daAuts
  Temple: 305 daAuts
 Abyss:2: 27 daAuts
 Abyss:1: 7 daAuts
